Map: Through the Darkness

Players

Tesla

  • Race: Protoss Protoss

Lingslings - Winner!

  • Race: Zerg Zerg

VOD

Have the link to the VOD?

Description

Time

  • Played on: Oct. 9, 2016, 8:42 a.m.
  • Length: 12:44
Show
View Real Time Build Order
Export as new Build Order

Tesla Protoss 

Build Orders: Zealot Archon 

Get SALT Encoding   

  12  0:01  Probe (Chrono Boost)  
  13  0:11  Probe (Chrono Boost)  
  14  0:19  Pylon  
  14  0:22  Probe (Chrono Boost)  
  15  0:38  Probe (Chrono Boost)  
  15  0:41  Gateway  
  16  0:48  Probe (Chrono Boost)  
  16  0:49  Assimilator  
  17  0:59  Probe (Chrono Boost)  
  18  1:08  Pylon  
  18  1:09  Probe (Chrono Boost)  
  19  1:20  Probe (Chrono Boost)  
  20  1:30  Probe (Chrono Boost)  
  20  1:31  Cybernetics Core  
  21  1:41  Probe (Chrono Boost)  
  22  1:48  Nexus  
  22  1:51  Probe (Chrono Boost)  
  23  1:56  Assimilator  
  23  2:02  Probe (Chrono Boost)  
  23  2:03  Pylon  
  24  2:13  Mothership Core (Chrono Boost)  
  26  2:20  Stalker  
  28  2:23  Warp Gate  
  28  2:31  Probe (Chrono Boost)  
  29  2:37  Gateway  
  29  2:44  Probe (Chrono Boost)  
  30  2:47  Gateway  
  30  2:56  Probe (Chrono Boost)  
  31  3:00  Probe (Chrono Boost)  
  31  3:04  Pylon  
  32  3:10  Pylon  
  32  3:12  Probe (Chrono Boost)  
  34  3:13  Probe (Chrono Boost)  
  34  3:23  Assimilator, Probe (Chrono Boost)  
  34  3:25  Probe (Chrono Boost)  
  38  3:27  Sentry  
  38  3:31  Sentry  
  38  3:33  Probe (Chrono Boost)  
  41  3:35  Adept  
  41  3:38  Probe (Chrono Boost)  
  44  3:50  Twilight Council  
  44  3:51  Probe (Chrono Boost)  
  44  3:55  Robotics Facility  
  44  4:02  Probe (Chrono Boost)  
  46  4:03  Probe (Chrono Boost)  
  46  4:12  Probe (Chrono Boost)  
  46  4:13  Gateway  
  46  4:15  Probe (Chrono Boost)  
  48  4:23  Probe (Chrono Boost)  
  49  4:24  Assimilator  
  49  4:25  Resonating Glaives  
  49  4:27  Pylon  
  49  4:28  Stalker, Probe (Chrono Boost)  
  49  4:29  Adept  
  54  4:32  Adept  
  54  4:35  Probe (Chrono Boost)  
  57  4:42  Observer  
  59  4:46  Probe (Chrono Boost)  
  59  4:47  Probe (Chrono Boost)  
  59  4:50  Stalker  
  62  4:54  Adept  
  62  4:56  Adept  
  62  4:59  Probe (Chrono Boost)  
  67  5:00  Pylon  
  67  5:09  Forge  
  67  5:11  Pylon  
  67  5:13  Probe (Chrono Boost)  
  69  5:14  Probe (Chrono Boost)  
  69  5:18  Stalker  
  69  5:19  Adept  
  73  5:22  Adept  
  75  5:28  Warp Prism  
  77  5:38  Pylon  
  77  5:40  Pylon  
  77  5:41  Adept  
  79  5:43  Stalker  
  79  5:47  Adept  
  84  5:50  Protoss Ground Weapons Level 1, Probe (Chrono Boost)  
  84  5:52  Adept  
  86  6:01  Templar Archives  
  86  6:10  Stalker x2  
  88  6:18  Blink, Stalker  
  88  6:19  Stalker  
  92  6:35  Immortal  
  96  6:49  Probe x2 (Chrono Boost)  
  96  6:51  Nexus  
  96  6:52  Adept  
  96  6:53  Adept  
  102  6:58  Pylon  
  102  7:02  Adept  
  104  7:17  High Templar  
  104  7:18  High Templar x2  
  110  7:23  Archon  
  110  7:24  High Templar  
  112  7:31  Archon  
  112  7:35  Immortal  
  116  7:51  Pylon  
  116  7:52  Pylon  
  116  7:54  Pylon  
  116  7:56  High Templar  
  118  8:05  High Templar  
  120  8:12  Archon  
  112  8:33  Adept x3  
  92  8:43  Adept  
  92  8:46  Immortal  
  78  8:56  Protoss Ground Weapons Level 2  
  78  9:02  Stalker x2  
  78  9:04  High Templar  
  78  9:05  High Templar  
  78  9:09  Gateway  
  84  9:11  Gateway  
  84  9:12  Gateway  
  84  9:14  Gateway  
  84  9:16  Gateway, Archon  
  80  9:18  Pylon  
  80  9:24  Pylon  
  80  9:26  Pylon  
  80  9:30  Mothership Core (Chrono Boost)  
  78  9:31  Adept  
  78  9:32  Adept  
  78  9:38  Adept x2  
  86  9:49  Immortal  
  90  9:56  Stalker x2  
  94  10:05  Adept x2  
  94  10:06  Adept x3  
  104  10:16  Stalker  
  106  10:23  Stalker x2  
  106  10:28  Immortal  
  106  10:32  Stalker x2  
  106  10:33  Stalker  
  98  10:41  Stalker  
  98  10:42  Stalker  
  84  10:50  Zealot  
  84  10:51  Zealot x2  
  90  10:58  Stalker x3  
  96  11:09  Mothership Core (Chrono Boost)  
  98  11:11  Assimilator  
  98  11:15  Assimilator  
  98  11:16  Probe (Chrono Boost)  
  99  11:20  Immortal  
  99  11:22  Pylon, Stalker  
  105  11:28  Probe (Chrono Boost)  
  106  11:42  Probe x2 (Chrono Boost)  
  106  11:44  Stalker x2  
  114  11:54  Probe x2 (Chrono Boost)  
  114  11:56  Adept x2  
  114  11:57  Adept  
  120  12:10  Adept  
  120  12:11  Adept x3  
  128  12:19  Adept  
  128  12:20  Adept x2  
  116  12:27  Stalker  
  98  12:33  Adept x3  
Show
View Real Time Build Order
Export as new Build Order

Lingslings Zerg - Winner!

Build Orders: Hatch First 

Get SALT Encoding   

  12  0:01  Drone  
  13  0:13  Overlord  
  13  0:17  Drone  
  14  0:37  Drone x3  
  17  0:49  Drone  
  18  0:57  Hatchery  
  18  1:02  Drone  
  18  1:03  Extractor  
  17  1:15  Drone  
  18  1:26  Spawning Pool  
  17  1:40  Drone  
  18  1:47  Drone  
  18  1:49  Hatchery  
  18  1:51  Drone  
  19  2:02  Drone  
  20  2:20  Metabolic Boost  
  20  2:23  Queen x2  
  20  2:26  Drone x2  
  26  2:31  Drone  
  28  2:37  Drone  
  28  2:44  Overlord x2  
  28  3:04  Queen  
  30  3:06  Drone x2  
  30  3:07  Drone x3  
  35  3:23  Zergling x2  
  35  3:24  Zergling x2  
  37  3:32  Drone x4  
  37  3:33  Drone x2  
  43  3:37  Queen  
  43  3:40  Extractor  
  44  3:45  Roach Warren  
  43  3:50  Queen  
  45  3:57  Drone  
  45  3:58  Drone x4  
  45  4:01  Overlord  
  50  4:06  Overlord  
  50  4:13  Overlord  
  50  4:15  Overlord x2  
  50  4:26  Lair  
  50  4:30  Extractor  
  49  4:32  Extractor  
  48  4:42  Drone  
  48  4:43  Drone x10  
  58  4:58  Evolution Chamber  
  58  5:00  Drone x3, Evolution Chamber  
  58  5:01  Drone x3  
  62  5:08  Drone x2  
  62  5:10  Drone x3  
  62  5:11  Drone x2  
  69  5:28  Zerg Melee Weapons Level 1  
  69  5:29  Zerg Ground Armor Level 1  
  69  5:31  Overseer  
  69  5:36  Extractor  
  69  5:38  Extractor  
  67  5:51  Hatchery  
  67  5:52  Glial Reconstitution  
  66  6:00  Drone  
  66  6:01  Drone x16  
  66  6:02  Drone  
  84  6:12  Zergling x2  
  84  6:13  Zergling x8  
  84  6:16  Overlord x2  
  88  6:51  Overlord x4  
  88  6:52  Overlord x7  
  88  6:53  Overlord x2  
  88  7:11  Roach  
  88  7:12  Roach x5  
  100  7:18  Roach  
  100  7:19  Roach x4  
  100  7:22  Roach x2  
  114  7:23  Roach x2  
  114  7:28  Roach x3  
  124  7:32  Roach x4  
  124  7:36  Roach x2  
  136  7:41  Roach x3  
  142  7:51  Roach x6  
  142  7:56  Roach x2  
  156  8:05  Ravager  
  156  8:06  Ravager x8  
  156  8:07  Ravager  
  145  8:28  Roach x7  
  145  8:29  Roach x2  
  142  8:36  Roach  
  142  8:37  Roach x8  
  142  8:46  Roach  
  120  9:11  Roach x8  
  136  9:52  Hatchery  
  135  9:56  Zerg Melee Weapons Level 2  
  135  9:57  Zerg Ground Armor Level 2  
  135  10:03  Infestation Pit  
  134  10:24  Hatchery  
  109  10:48  Roach  
  109  10:49  Roach x15  
  139  11:05  Extractor  
  139  11:11  Hive  
  138  11:18  Overlord x4  
  138  11:27  Extractor x2  
  138  11:30  Overseer  
  136  11:41  Roach  
  136  11:42  Roach x14  
  136  11:45  Ravager x6  
Tags
 
Add a new tag
Caveats
  • Supply blocks, unpowered buildings, or Contaminate may cause inaccurate times.
  • Supply counts are checked every 10 seconds.